Devils vs Rangers

Created - April 29, 2025 at 19:21

Goals
1 2 3 T
Devils 0 0 1 1
Rangers 4 0 2 6
Shots
1 2 3 T
Devils 11 10 10 31
Rangers 10 10 10 30

1st period

1. Rangers , Milan Lucic 42 (Sean Couturier 41, Devante Smith-Pelly 24) at 7:13 (PP)
2. Rangers , Ryan Strome 16 (Tomas Hertl 22, Cale Makar 70) at 11:53 (PP)
3. Rangers , Ryan Strome 17 (Milan Lucic 36, Sean Couturier 42) at 15:25
4. Rangers , Casey Mittelstadt 6 (David Pope 16, Vince Dunn 6) at 18:59

Penalties :
Nick Palmieri (N.J) for Holding (Minor) at 0:19, Connor Chatam (NyR) for Tripping (Minor) at 3:34, Sven Baertschi (N.J) for Roughing (Minor) at 6:08, Kristopher Letang (N.J) for Roughing (Double Minor) at 11:10, Tomas Hertl (NyR) for Tripping (Minor) at 19:51

2nd period

No Goal

Penalties :
Ondrej Palat (NyR) for Interference (Minor) at 8:29, Cale Makar (NyR) for Slashing (Minor) at 17:16

3rd period

5. Devils , Nazem Kadri 32 (Cam Fowler 24) at 8:01 (PP)
6. Rangers , Mikhail Sergachev 2 (Sean Couturier 43, Devante Smith-Pelly 25) at 14:04 (PP)
7. Rangers , Sean Couturier 19 (Milan Lucic 37, Devante Smith-Pelly 26) at 15:00 (PP)

Penalties :
Matt Donovan (N.J) for Hooking (Minor) at 2:52, Viktor Arvidsson (NyR) for Cross-checking (Minor) at 7:32, Matt Donovan (N.J) for Slashing (Double Minor) at 12:18, Milan Lucic (NyR) for Interference (Minor) at 15:15, Cale Makar (NyR) for Interference (Minor) at 16:48

Goalie Stats

Elvis Merzlikins (N.J), 6 saves from 10 shots - (0.600), L, 10-12-3, 18:59 minutes
Jonathan Quick (N.J), 18 saves from 20 shots - (0.900), 41:01 minutes
Samuel Montembeault (NyR), 30 saves from 31 shots - (0.968), W, 23-20-10, 60:00 minutes

Players Stats for Devils

Player Name              G  A  P  +/- PIM S  H  SB GA TA FO     MP     PP MP  PK MP  
------------------------------------------------------------------------------------
Anton Lander             0  0  0   0  0   0  0  1  0  0  1/2     7:44   0:00   0:13 
Brayden Point            0  0  0  -1  0   1  1  0  0  0  9/13   19:00   5:06   3:36 
Cam Fowler               0  1  1  -1  0   0  0  2  0  0  0/0    28:49   7:34   7:14 
Damon Severson           0  0  0   0  0   0  0  2  0  0  0/0    12:00   0:00   0:10 
Eric Tangradi            0  0  0   0  0   1  1  0  0  0  0/0     8:33   0:00   1:02 
Jonathan Huberdeau       0  0  0  -1  0   8  3  0  1  0  0/1    19:00   5:06   3:36 
Kristopher Letang        0  0  0  -1  4   1  2  0  0  1  0/0    18:47   4:23   2:38 
Logan Shaw               0  0  0   0  0   1  0  0  0  1  1/1     7:16   0:00   0:00 
Matt Donovan             0  0  0  -1  6   2  0  0  0  0  0/0    17:53   4:23   1:45 
Michael Del Zotto        0  0  0  -1  0   0  1  1  0  1  0/0    28:17   7:34   6:44 
Nazem Kadri              1  0  1  -1  0   3  2  0  1  1  22/38  24:23   6:51   5:49 
Nick Palmieri            0  0  0  -1  2   0  0  0  1  0  1/1    12:50   0:00   0:49 
Ondrej Kase              0  0  0   0  0   1  1  0  0  0  0/0     8:04   0:00   0:00 
Sam Bennett              0  0  0   0  0   2  1  0  0  0  1/5    14:51   6:51   0:00 
Sven Baertschi           0  0  0   0  2   2  0  0  0  1  0/0     8:03   0:00   0:00 
Thomas Hickey            0  0  0   0  0   2  1  0  0  0  0/0    14:13   0:00   2:23 
Tom Wilson               0  0  0  -1  0   5  2  0  0  1  2/2    15:22   5:06   0:00 
Tyler Ennis              0  0  0  -1  0   2  2  1  1  0  0/0    24:23   6:51   5:49 

Players Stats for Rangers

Player Name              G  A  P  +/- PIM S  H  SB GA TA FO     MP     PP MP  PK MP  
------------------------------------------------------------------------------------
Cale Makar               0  1  1   0  4   5  2  2  1  1  0/0    26:41   5:23   5:30 
Casey Mittelstadt        1  0  1   1  0   1  0  0  0  0  1/1     7:47   0:01   1:07 
Connor Chatam            0  0  0   1  2   1  1  0  0  0  0/0     6:33   0:08   0:00 
David Pope               0  1  1   1  0   0  0  0  0  0  0/1     8:07   0:01   1:28 
Devante Smith-Pelly      0  3  3   0  0   2  0  0  0  0  0/0    16:55   6:02   0:00 
Dmitry Kulikov           0  0  0   1  0   1  2  0  0  0  0/0    17:08   0:00   4:23 
Henrik Samuelsson        0  0  0   0  0   1  1  0  0  1  3/5    12:53   0:00   3:38 
Jake McCabe              0  0  0   0  0   2  1  2  1  0  0/0    29:26   5:23   7:56 
Mikhail Sergachev        1  0  1   1  0   1  0  1  0  0  0/0    21:10   5:04   4:01 
Milan Lucic              1  2  3   1  2   3  3  0  2  0  3/12   23:24   6:09   5:46 
Oliver Bjorkstrand       0  0  0   0  0   2  1  0  0  0  0/3    11:13   0:00   2:32 
Ondrej Palat             0  0  0   0  2   1  0  0  0  0  0/0    15:27   5:04   0:00 
Ryan Strome              2  0  2   1  0   3  1  0  0  0  2/2    15:24   4:17   0:00 
Sean Couturier           1  3  4   1  0   4  3  0  1  1  14/29  24:25   6:09   6:46 
Steven Santini           0  0  0   1  0   0  0  1  0  1  0/0    11:27   0:00   2:03 
Tomas Hertl              0  1  1   0  2   2  0  1  0  0  3/10   17:21   4:17   2:11 
Viktor Arvidsson         0  0  0   0  2   1  4  0  0  0  0/0    12:45   4:17   0:00 
Vince Dunn               0  1  1   1  0   0  0  1  1  0  0/0     9:24   0:00   0:00 

3 Stars

1 - Sean Couturier (NyR)
2 - Ryan Strome (NyR)
3 - Milan Lucic (NyR)

Power Play

Devils - 1 on 7 Attempt(s) - 14.29%
Rangers - 4 on 7 Attempt(s) - 57.14%

Penalty Kill

Devils - 3 on 7 Attempt(s) - 42.86% - Score 0 goal in Penalty Kill
Rangers - 6 on 7 Attempt(s) - 85.71% - Score 0 goal in Penalty Kill

Team Stat

Devils - Hits : 17 - Faceoff Wins : 37 - Blocked Shots : 7 - Penalty Minutes : 14
Rangers - Hits : 19 - Faceoff Wins : 26 - Blocked Shots : 8 - Penalty Minutes : 14

Official

Referees : Dan O'Rourke and Michael Markovic
Linesman : Derek Nansen and Julien Fournier

Game Notes

Jonathan Quick enters game at 18:59 of 1st period

Finance

Level 1 -- Attendance: 5306 (88.43%) -- Ticket Income $530,600
Level 2 -- Attendance: 5000 (100.00%) -- Ticket Income $350,000
Level 3 -- Attendance: 1770 (88.50%) -- Ticket Income $70,800
Level 4 -- Attendance: 3371 (84.28%) -- Ticket Income $101,130
Luxury Box -- Attendance: 846 (84.60%) -- Ticket Income $169,200
Game was played at the Madison Square Garden.
Total Attendance: 16293 (90.52%)
Total Ticket Income: $1,221,730
Other Income: $183,260
Total Income: $1,404,990

Devils

5 vs 5 Forward 
   Center                   Left Wing                Right Wing               Time % Phy DF OF 
 1 Nazem Kadri              Tyler Ennis              Nick Palmieri            34     0   2  3  
 2 Brayden Point            Jonathan Huberdeau       Tom Wilson               30     0   2  3  
 3 Sam Bennett              Sven Baertschi           Ondrej Kase              24     0   2  3  
 4 Anton Lander             Eric Tangradi            Logan Shaw               12     1   2  2  

5 vs 5 Defense 
   Defense                  Defense                                           Time % Phy DF OF 
 1 Cam Fowler               Michael Del Zotto                                 38     0   3  2  
 2 Kristopher Letang        Matt Donovan                                      34     0   3  2  
 3 Thomas Hickey            Damon Severson                                    28     0   3  2  
 4 Cam Fowler               Michael Del Zotto                                 0      0   3  2  

PowerPlay Forward 
   Center                   Left Wing                Right Wing               Time % Phy DF OF 
 1 Nazem Kadri              Tyler Ennis              Sam Bennett              60     0   1  4  
 2 Brayden Point            Jonathan Huberdeau       Tom Wilson               40     0   1  4  

PowerPlay Defense
   Defense                  Defense                                           Time % Phy DF OF 
 1 Cam Fowler               Michael Del Zotto                                 60     0   2  3  
 2 Kristopher Letang        Matt Donovan                                      40     0   2  3  

Penalty Kill 4 Players Forward 
   Center                   Wing                     Time % Phy DF OF 
 1 Nazem Kadri              Tyler Ennis              60     1   3  1  
 2 Brayden Point            Jonathan Huberdeau       40     1   3  1  

Penalty Kill 4 Players Defense
   Defense                  Defense                  Time % Phy DF OF 
 1 Cam Fowler               Michael Del Zotto        60     1   4  0  
 2 Kristopher Letang        Matt Donovan             40     1   4  0  

Penalty Kill - 3 Players Forward 
   Forward                                           Time % Phy DF OF 
 1 Nazem Kadri                                       60     1   4  0  
 2 Brayden Point                                     40     1   4  0  

Penalty Kill - 3 Players Defense
   Defense                  Defense                  Time % Phy DF OF 
 1 Cam Fowler               Michael Del Zotto        60     1   4  0  
 2 Kristopher Letang        Matt Donovan             40     1   4  0  

4 vs 4 Forward 
   Center                   Wing                     Time % Phy DF OF 
 1 Nazem Kadri              Tyler Ennis              60     1   2  2  
 2 Brayden Point            Jonathan Huberdeau       40     1   2  2  

4 vs 4 Defense
   Defense                  Defense                  Time % Phy DF OF 
 1 Cam Fowler               Michael Del Zotto        60     1   2  2  
 2 Kristopher Letang        Matt Donovan             40     1   2  2  

Last Minutes Offensive
   Center                   Left Wing                Right Wing               Defense                  Defense                  
   Nazem Kadri              Tyler Ennis              Nick Palmieri            Cam Fowler               Michael Del Zotto        

Last Minutes Defensive
   Center                   Left Wing                Right Wing               Defense                  Defense                  
   Nazem Kadri              Tyler Ennis              Nick Palmieri            Cam Fowler               Michael Del Zotto        

Goaltenders
Starting : Elvis Merzlikins         
Backup : Jonathan Quick           

Extra Forwards
Normal : Nick Palmieri, Sam Bennett, Logan Shaw - PP : Nick Palmieri, Sam Bennett - PK : Nick Palmieri
Extra Defensemen
Normal : Matt Donovan, Thomas Hickey, Damon Severson - PP : Matt Donovan - PK : Matt Donovan, Thomas Hickey
Penalty Shots
Tyler Ennis, Nazem Kadri, Jonathan Huberdeau, Brayden Point, Nick Palmieri
Custom OT Lines Forwards
Tyler Ennis, Nazem Kadri, Jonathan Huberdeau, Brayden Point, Nick Palmieri, Sam Bennett, Logan Shaw, Ondrej Kase, Tom Wilson, Sven Baertschi
Custom OT Lines Defensemen
Cam Fowler, Michael Del Zotto, Kristopher Letang, Matt Donovan, Thomas Hickey

Scratches
Darren Dietz (Healthy), Joel Edmundson (Healthy)

Rangers

5 vs 5 Forward 
   Center                   Left Wing                Right Wing               Time % Phy DF OF 
 1 Sean Couturier           Milan Lucic              Ryan Strome              35     1   2  2  
 2 Tomas Hertl              Ondrej Palat             Devante Smith-Pelly      30     1   2  2  
 3 Henrik Samuelsson        Viktor Arvidsson         Oliver Bjorkstrand       25     1   2  2  
 4 Casey Mittelstadt        David Pope               Connor Chatam            10     1   2  2  

5 vs 5 Defense 
   Defense                  Defense                                           Time % Phy DF OF 
 1 Jake McCabe              Cale Makar                                        40     1   2  2  
 2 Dmitry Kulikov           Mikhail Sergachev                                 30     1   2  2  
 3 Vince Dunn               Steven Santini                                    20     1   2  2  
 4 Jake McCabe              Cale Makar                                        10     1   2  2  

PowerPlay Forward 
   Center                   Left Wing                Right Wing               Time % Phy DF OF 
 1 Sean Couturier           Milan Lucic              Devante Smith-Pelly      60     1   2  2  
 2 Tomas Hertl              Viktor Arvidsson         Ryan Strome              40     1   2  2  

PowerPlay Defense
   Defense                  Defense                                           Time % Phy DF OF 
 1 Jake McCabe              Cale Makar                                        60     1   2  2  
 2 Ondrej Palat             Mikhail Sergachev                                 40     1   2  2  

Penalty Kill 4 Players Forward 
   Center                   Wing                     Time % Phy DF OF 
 1 Milan Lucic              Sean Couturier           60     1   2  2  
 2 Henrik Samuelsson        Tomas Hertl              40     1   2  2  

Penalty Kill 4 Players Defense
   Defense                  Defense                  Time % Phy DF OF 
 1 Jake McCabe              Cale Makar               60     1   2  2  
 2 Dmitry Kulikov           Mikhail Sergachev        40     1   2  2  

Penalty Kill - 3 Players Forward 
   Forward                                           Time % Phy DF OF 
 1 Henrik Samuelsson                                 60     1   2  2  
 2 Sean Couturier                                    40     1   2  2  

Penalty Kill - 3 Players Defense
   Defense                  Defense                  Time % Phy DF OF 
 1 Jake McCabe              Cale Makar               60     1   2  2  
 2 Dmitry Kulikov           Mikhail Sergachev        40     1   2  2  

4 vs 4 Forward 
   Center                   Wing                     Time % Phy DF OF 
 1 Milan Lucic              Sean Couturier           60     1   2  2  
 2 Tomas Hertl              Viktor Arvidsson         40     1   2  2  

4 vs 4 Defense
   Defense                  Defense                  Time % Phy DF OF 
 1 Vince Dunn               Cale Makar               60     1   2  2  
 2 Dmitry Kulikov           Mikhail Sergachev        40     1   2  2  

Last Minutes Offensive
   Center                   Left Wing                Right Wing               Defense                  Defense                  
   Sean Couturier           Milan Lucic              Devante Smith-Pelly      Jake McCabe              Cale Makar               

Last Minutes Defensive
   Center                   Left Wing                Right Wing               Defense                  Defense                  
   Sean Couturier           Milan Lucic              Devante Smith-Pelly      Jake McCabe              Cale Makar               

Goaltenders
Starting : Samuel Montembeault      
Backup : Eric Comrie              

Extra Forwards
Normal : Ryan Strome, Ondrej Palat, Oliver Bjorkstrand - PP : Tomas Hertl, Ondrej Palat - PK : Oliver Bjorkstrand
Extra Defensemen
Normal : Vince Dunn, Steven Santini, Dmitry Kulikov - PP : Vince Dunn - PK : Steven Santini, Dmitry Kulikov
Penalty Shots
Milan Lucic, Sean Couturier, Tomas Hertl, Viktor Arvidsson, Devante Smith-Pelly
Custom OT Lines Forwards
Milan Lucic, Sean Couturier, Tomas Hertl, Ryan Strome, Devante Smith-Pelly, Viktor Arvidsson, Ondrej Palat, Oliver Bjorkstrand, David Pope, Casey Mittelstadt
Custom OT Lines Defensemen
Jake McCabe, Cale Makar, Dmitry Kulikov, Mikhail Sergachev, Vince Dunn

Scratches
Patrik Nemeth (Healthy), Seth Griffith (Healthy), Stefan Noesen (Healthy)

% Time on Ice - Devils

Lines # - Real PCT - Wanted PCT - Time Play
Normal Forward
1 - 32% - 34% - 11:58
2 - 27% - 30% - 10:18
3 - 21% - 24% - 8:04
4 - 19% - 12% - 7:16
Normal Defense
1 - 37% - 38% - 13:59
2 - 32% - 34% - 12:09
3 - 30% - 28% - 11:28
4 - 0% - 0% - 0:00
PP Forward
1 - 57% - 60% - 6:51
2 - 43% - 40% - 5:06
PP Defense
1 - 63% - 60% - 7:34
2 - 37% - 40% - 4:23
PK Forward
1 - 66% - 60% - 6:51
2 - 34% - 40% - 3:36
PK Defense
1 - 64% - 60% - 6:44
2 - 36% - 40% - 3:43
PK3 Forward
1 - 0% - 60%
2 - 0% - 40%
PK3 Defense
1 - 0% - 60%
2 - 0% - 40%
44 Forward
1 - 0% - 60%
2 - 0% - 40%
44 Defense
1 - 0% - 60%
2 - 0% - 40%
Last Minute Offensive  - 0:00
Last Minute Defensive  - 0:00
Total
Forward - 60:00
Defense - 60:00

% Time on Ice - Rangers

Lines # - Real PCT - Wanted PCT - Time Play
Normal Forward
1 - 33% - 35% - 12:18
2 - 29% - 30% - 10:47
3 - 23% - 25% - 8:40
4 - 16% - 10% - 5:51
Normal Defense
1 - 43% - 40% - 16:07
2 - 32% - 30% - 12:05
3 - 25% - 20% - 9:24
4 - 0% - 10% - 0:00
PP Forward
1 - 59% - 60% - 6:10
2 - 41% - 40% - 4:17
PP Defense
1 - 52% - 60% - 5:23
2 - 48% - 40% - 5:04
PK Forward
1 - 75% - 60% - 8:40
2 - 25% - 40% - 2:51
PK Defense
1 - 65% - 60% - 7:30
2 - 35% - 40% - 4:01
PK3 Forward
1 - 100% - 60% - 0:26
2 - 0% - 40% - 0:00
PK3 Defense
1 - 100% - 60% - 0:26
2 - 0% - 40% - 0:00
44 Forward
1 - 0% - 60%
2 - 0% - 40%
44 Defense
1 - 0% - 60%
2 - 0% - 40%
Last Minute Offensive  - 0:00
Last Minute Defensive  - 0:00
Total
Forward - 60:00
Defense - 60:00

Play-by-Play

1st period


0:01 of 1st period - Nazem Kadri wins face-off versus Sean Couturier in neutral zone.
0:04 of 1st period - Slapshot by Nazem Kadri.
0:04 of 1st period - Shot Misses the Net.
0:19 of 1st period - Minor Penalty to Nick Palmieri for Holding.
0:20 of 1st period - Sean Couturier wins face-off versus Nazem Kadri in Devils zone.
2:11 of 1st period - Sean Couturier is hit by Eric Tangradi and loses puck.
2:19 of 1st period - Penalty to Nick Palmieri is over, Nick Palmieri is back on ice.
2:33 of 1st period - Icing by Cale Makar.
2:34 of 1st period - Brayden Point wins face-off versus Milan Lucic in Rangers zone.
2:47 of 1st period - Icing by Tom Wilson.
2:48 of 1st period - Brayden Point wins face-off versus Henrik Samuelsson in Devils zone.
3:15 of 1st period - Snap shot by Sam Bennett.
3:15 of 1st period - Deflect By Ondrej Kase.
3:15 of 1st period - Stopped by Samuel Montembeault without a rebound.
3:16 of 1st period - Casey Mittelstadt wins face-off versus Sam Bennett in Rangers zone.
3:34 of 1st period - Minor Penalty to Connor Chatam for Tripping.
3:35 of 1st period - Nazem Kadri wins face-off versus Milan Lucic in Rangers zone.
4:07 of 1st period - Snap shot by Jonathan Huberdeau.
4:07 of 1st period - Deflect By Brayden Point.
4:07 of 1st period - Shot Blocked by Tomas Hertl.
4:07 of 1st period - Puck is out of play.
4:08 of 1st period - Brayden Point wins face-off versus Milan Lucic in Rangers zone.
4:11 of 1st period - Snap shot by Jonathan Huberdeau.
4:11 of 1st period - Stopped by Samuel Montembeault without a rebound.
4:12 of 1st period - Nazem Kadri wins face-off versus Milan Lucic in Rangers zone.
5:34 of 1st period - Penalty to Connor Chatam is over, Connor Chatam is back on ice.
5:36 of 1st period - Slapshot by Cale Makar.
5:36 of 1st period - Stopped by Elvis Merzlikins with a rebound.
6:06 of 1st period - Slapshot by Cale Makar.
6:06 of 1st period - Stopped by Elvis Merzlikins with a rebound.
6:08 of 1st period - Minor Penalty to Sven Baertschi for Roughing.
6:09 of 1st period - Nazem Kadri wins face-off versus Sean Couturier in Devils zone.
7:13 of 1st period - Snap shot by Milan Lucic.
7:13 of 1st period - Goal by Milan Lucic - Devils : 0 - Rangers : 1.
7:14 of 1st period - Nazem Kadri wins face-off versus Henrik Samuelsson in neutral zone.
8:22 of 1st period - Wrist shot by Eric Tangradi.
8:22 of 1st period - Stopped by Samuel Montembeault without a rebound.
8:23 of 1st period - Sean Couturier wins face-off versus Nazem Kadri in Rangers zone.
8:50 of 1st period - Snap shot by Sven Baertschi.
8:50 of 1st period - Stopped by Samuel Montembeault without a rebound.
8:51 of 1st period - Tomas Hertl wins face-off versus Sam Bennett in Rangers zone.
9:01 of 1st period - Wrist shot by Sven Baertschi.
9:01 of 1st period - Shot Misses the Net.
9:11 of 1st period - Tomas Hertl is hit by Sam Bennett and loses puck.
9:18 of 1st period - Snap shot by Sam Bennett.
9:18 of 1st period - Shot Hit the Post.
10:02 of 1st period - Snap shot by Devante Smith-Pelly.
10:02 of 1st period - Stopped by Elvis Merzlikins without a rebound.
10:03 of 1st period - Nazem Kadri wins face-off versus Sean Couturier in Devils zone.
10:03 of 1st period - Nazem Kadri is hit by Milan Lucic.
10:12 of 1st period - Icing by Milan Lucic.
10:13 of 1st period - Sean Couturier wins face-off versus Nazem Kadri in Rangers zone.
10:18 of 1st period - Mikhail Sergachev is hit by Nazem Kadri.
10:46 of 1st period - Snap shot by Sean Couturier.
10:46 of 1st period - Stopped by Elvis Merzlikins without a rebound.
10:47 of 1st period - Henrik Samuelsson wins face-off versus Brayden Point in Devils zone.
11:10 of 1st period - Double Minor Penalty to Kristopher Letang for Roughing.
11:11 of 1st period - Nazem Kadri wins face-off versus Sean Couturier in Devils zone.
11:17 of 1st period - Icing by Sean Couturier.
11:18 of 1st period - Nazem Kadri wins face-off versus Sean Couturier in Rangers zone.
11:47 of 1st period - Slapshot by Cale Makar.
11:47 of 1st period - Stopped by Elvis Merzlikins with a rebound.
11:53 of 1st period - Snap shot by Ryan Strome.
11:53 of 1st period - Goal by Ryan Strome - Devils : 0 - Rangers : 2.
11:54 of 1st period - Sean Couturier wins face-off versus Nazem Kadri in neutral zone.
12:21 of 1st period - Brayden Point is hit by Cale Makar and loses puck.
13:48 of 1st period - Brayden Point is hit by Sean Couturier.
13:53 of 1st period - Penalty to Kristopher Letang is over, Kristopher Letang is back on ice.
15:15 of 1st period - Wrist shot by Tom Wilson.
15:15 of 1st period - Deflect By Sean Couturier.
15:15 of 1st period - Stopped by Samuel Montembeault with a rebound.
15:17 of 1st period - Slapshot by Thomas Hickey.
15:17 of 1st period - Stopped by Samuel Montembeault without a rebound.
15:18 of 1st period - Sean Couturier wins face-off versus Nazem Kadri in Rangers zone.
15:25 of 1st period - Wrist shot by Ryan Strome.
15:25 of 1st period - Goal by Ryan Strome - Devils : 0 - Rangers : 3.
15:26 of 1st period - Nick Palmieri wins face-off versus Sean Couturier in neutral zone.
15:31 of 1st period - Slapshot by Nick Palmieri.
15:31 of 1st period - Shot Misses the Net.
15:53 of 1st period - Nazem Kadri is hit by Viktor Arvidsson.
16:05 of 1st period - Snap shot by Nazem Kadri.
16:05 of 1st period - Shot Blocked by Jake McCabe.
16:07 of 1st period - Snap shot by Nick Palmieri.
16:07 of 1st period - Shot Misses the Net.
16:13 of 1st period - Snap shot by Nazem Kadri.
16:13 of 1st period - Stopped by Samuel Montembeault with a rebound.
16:15 of 1st period - Slapshot by Matt Donovan.
16:15 of 1st period - Stopped by Samuel Montembeault with a rebound.
16:17 of 1st period - Slapshot by Kristopher Letang.
16:17 of 1st period - Shot Blocked by Jake McCabe.
16:19 of 1st period - Slapshot by Damon Severson.
16:19 of 1st period - Shot Misses the Net.
16:21 of 1st period - Slapshot by Thomas Hickey.
16:21 of 1st period - Stopped by Samuel Montembeault without a rebound.
16:22 of 1st period - Ryan Strome wins face-off versus Brayden Point in Rangers zone.
16:33 of 1st period - Wrist shot by Tom Wilson.
16:33 of 1st period - Stopped by Samuel Montembeault with a rebound.
16:35 of 1st period - Wrist shot by Jonathan Huberdeau.
16:35 of 1st period - Shot Misses the Net.
16:37 of 1st period - Backhand shot by Tom Wilson.
16:37 of 1st period - Shot Blocked by Mikhail Sergachev.
17:19 of 1st period - Ondrej Kase is hit by Viktor Arvidsson and loses puck.
17:53 of 1st period - Wrist shot by Jonathan Huberdeau.
17:53 of 1st period - Shot Blocked by Cale Makar.
17:57 of 1st period - Wrist shot by Brayden Point.
17:57 of 1st period - Stopped by Samuel Montembeault with a rebound.
18:20 of 1st period - Wrist shot by Nazem Kadri.
18:20 of 1st period - Shot Misses the Net.
18:41 of 1st period - Snap shot by Oliver Bjorkstrand.
18:41 of 1st period - Stopped by Elvis Merzlikins with a rebound.
18:59 of 1st period - Snap shot by Casey Mittelstadt.
18:59 of 1st period - Goal by Casey Mittelstadt - Devils : 0 - Rangers : 4.
18:59 of 1st period - Jonathan Quick enters game.
19:00 of 1st period - Nazem Kadri wins face-off versus Sean Couturier in neutral zone.
19:03 of 1st period - Cale Makar is hit by Tyler Ennis and loses puck.
19:51 of 1st period - Minor Penalty to Tomas Hertl for Tripping.
19:52 of 1st period - Milan Lucic wins face-off versus Sam Bennett in Rangers zone.
Goals for this period are 0 for Devils vs 4 for Rangers.
Shots for this period are 11 for Devils vs 10 for Rangers.

2nd period


0:01 of 2nd period - Nazem Kadri wins face-off versus Milan Lucic in neutral zone.
0:04 of 2nd period - Slapshot by Michael Del Zotto.
0:04 of 2nd period - Shot Misses the Net.
1:51 of 2nd period - Penalty to Tomas Hertl is over, Tomas Hertl is back on ice.
2:05 of 2nd period - Wrist shot by Tomas Hertl.
2:05 of 2nd period - Stopped by Jonathan Quick without a rebound.
2:06 of 2nd period - Anton Lander wins face-off versus Tomas Hertl in Devils zone.
2:51 of 2nd period - Wrist shot by Anton Lander.
2:51 of 2nd period - Shot Blocked by Vince Dunn.
3:03 of 2nd period - Snap shot by Logan Shaw.
3:03 of 2nd period - Stopped by Samuel Montembeault with a rebound.
3:05 of 2nd period - Wrist shot by Eric Tangradi.
3:05 of 2nd period - Deflect By Logan Shaw.
3:05 of 2nd period - Shot Blocked by Steven Santini.
3:05 of 2nd period - Puck is out of play.
3:06 of 2nd period - Sean Couturier wins face-off versus Nazem Kadri in Rangers zone.
3:11 of 2nd period - Slapshot by Jake McCabe.
3:11 of 2nd period - Shot Blocked by Cam Fowler.
3:13 of 2nd period - Snap shot by Milan Lucic.
3:13 of 2nd period - Shot Misses the Net.
4:02 of 2nd period - Wrist shot by Jonathan Huberdeau.
4:02 of 2nd period - Stopped by Samuel Montembeault without a rebound.
4:03 of 2nd period - Tom Wilson wins face-off versus Sean Couturier in Rangers zone.
4:34 of 2nd period - Wrist shot by Viktor Arvidsson.
4:34 of 2nd period - Stopped by Jonathan Quick with a rebound.
4:36 of 2nd period - Snap shot by Oliver Bjorkstrand.
4:36 of 2nd period - Stopped by Jonathan Quick without a rebound.
4:37 of 2nd period - Sean Couturier wins face-off versus Nazem Kadri in Devils zone.
4:38 of 2nd period - Slapshot by Milan Lucic.
4:38 of 2nd period - Shot Misses the Net.
5:04 of 2nd period - Oliver Bjorkstrand is hit by Thomas Hickey and loses puck.
5:09 of 2nd period - Snap shot by Jonathan Huberdeau.
5:09 of 2nd period - Stopped by Samuel Montembeault without a rebound.
5:10 of 2nd period - Brayden Point wins face-off versus Sean Couturier in Rangers zone.
5:17 of 2nd period - Backhand shot by Jonathan Huberdeau.
5:17 of 2nd period - Stopped by Samuel Montembeault with a rebound.
5:31 of 2nd period - Milan Lucic is hit by Tom Wilson and loses puck.
5:44 of 2nd period - Jonathan Huberdeau is hit by Sean Couturier and loses puck.
6:15 of 2nd period - Slapshot by Tom Wilson.
6:15 of 2nd period - Stopped by Samuel Montembeault without a rebound.
6:16 of 2nd period - Nazem Kadri wins face-off versus Tomas Hertl in Rangers zone.
6:26 of 2nd period - Wrist shot by Kristopher Letang.
6:26 of 2nd period - Stopped by Samuel Montembeault without a rebound.
6:27 of 2nd period - Nazem Kadri wins face-off versus Tomas Hertl in Rangers zone.
6:54 of 2nd period - Henrik Samuelsson is hit by Kristopher Letang.
7:16 of 2nd period - Slapshot by Matt Donovan.
7:16 of 2nd period - Deflect By Eric Tangradi.
7:16 of 2nd period - Shot Misses the Net.
7:16 of 2nd period - Puck is out of play.
7:17 of 2nd period - Logan Shaw wins face-off versus David Pope in Rangers zone.
7:44 of 2nd period - Michael Del Zotto is hit by Ryan Strome and loses puck.
8:03 of 2nd period - Nazem Kadri is hit by Henrik Samuelsson and loses puck.
8:14 of 2nd period - Snap shot by Henrik Samuelsson.
8:14 of 2nd period - Stopped by Jonathan Quick with a rebound.
8:29 of 2nd period - Minor Penalty to Ondrej Palat for Interference.
8:30 of 2nd period - Brayden Point wins face-off versus Milan Lucic in Rangers zone.
8:30 of 2nd period - Slapshot by Jonathan Huberdeau.
8:30 of 2nd period - Stopped by Samuel Montembeault without a rebound.
8:31 of 2nd period - Milan Lucic wins face-off versus Jonathan Huberdeau in Rangers zone.
9:34 of 2nd period - Snap shot by Milan Lucic.
9:34 of 2nd period - Shot Misses the Net.
10:29 of 2nd period - Penalty to Ondrej Palat is over, Ondrej Palat is back on ice.
10:36 of 2nd period - Snap shot by Devante Smith-Pelly.
10:36 of 2nd period - Stopped by Jonathan Quick with a rebound.
10:38 of 2nd period - Slapshot by Tomas Hertl.
10:38 of 2nd period - Stopped by Jonathan Quick with a rebound.
10:42 of 2nd period - Slapshot by Ondrej Palat.
10:42 of 2nd period - Stopped by Jonathan Quick with a rebound.
11:23 of 2nd period - Logan Shaw is hit by Cale Makar and loses puck.
11:44 of 2nd period - Matt Donovan is hit by Milan Lucic and loses puck.
13:05 of 2nd period - Michael Del Zotto is hit by Connor Chatam and loses puck.
13:27 of 2nd period - Slapshot by Sven Baertschi.
13:27 of 2nd period - Stopped by Samuel Montembeault with a rebound.
13:37 of 2nd period - Anton Lander is hit by Dmitry Kulikov and loses puck.
13:55 of 2nd period - Vince Dunn is hit by Brayden Point and loses puck.
14:27 of 2nd period - Slapshot by Jake McCabe.
14:27 of 2nd period - Shot Blocked by Damon Severson.
14:29 of 2nd period - Slapshot by Jake McCabe.
14:29 of 2nd period - Stopped by Jonathan Quick with a rebound.
14:31 of 2nd period - Snap shot by Jake McCabe.
14:31 of 2nd period - Shot Blocked by Anton Lander.
14:33 of 2nd period - Backhand shot by Connor Chatam.
14:33 of 2nd period - Stopped by Jonathan Quick with a rebound.
14:35 of 2nd period - Slapshot by Casey Mittelstadt.
14:35 of 2nd period - Shot Misses the Net.
14:49 of 2nd period - Wrist shot by Tom Wilson.
14:49 of 2nd period - Shot Misses the Net.
15:46 of 2nd period - Tyler Ennis is hit by Viktor Arvidsson and loses puck.
15:51 of 2nd period - Snap shot by Viktor Arvidsson.
15:51 of 2nd period - Deflect By Oliver Bjorkstrand.
15:51 of 2nd period - Shot Hit the Post.
15:51 of 2nd period - Puck is out of play.
15:52 of 2nd period - Brayden Point wins face-off versus Sean Couturier in Devils zone.
15:59 of 2nd period - Slapshot by Jonathan Huberdeau.
15:59 of 2nd period - Stopped by Samuel Montembeault with a rebound.
16:01 of 2nd period - Slapshot by Jonathan Huberdeau.
16:01 of 2nd period - Stopped by Samuel Montembeault without a rebound.
16:02 of 2nd period - Sean Couturier wins face-off versus Brayden Point in Rangers zone.
16:06 of 2nd period - Off-side.
16:07 of 2nd period - Ryan Strome wins face-off versus Nazem Kadri in neutral zone.
16:22 of 2nd period - Slapshot by Ryan Strome.
16:22 of 2nd period - Shot Misses the Net.
16:24 of 2nd period - Slapshot by Sean Couturier.
16:24 of 2nd period - Stopped by Jonathan Quick with a rebound.
17:16 of 2nd period - Minor Penalty to Cale Makar for Slashing.
17:17 of 2nd period - Nazem Kadri wins face-off versus Milan Lucic in Rangers zone.
17:44 of 2nd period - Milan Lucic is hit by Jonathan Huberdeau and loses puck.
19:13 of 2nd period - Michael Del Zotto is hit by Jake McCabe.
19:16 of 2nd period - Penalty to Cale Makar is over, Cale Makar is back on ice.
19:23 of 2nd period - Cale Makar is hit by Kristopher Letang and loses puck.
19:52 of 2nd period - Snap shot by Ondrej Palat.
19:52 of 2nd period - Shot Misses the Net.
Goals for this period are 0 for Devils vs 0 for Rangers.
Shots for this period are 10 for Devils vs 10 for Rangers.

3rd period


0:01 of 3rd period - Sean Couturier wins face-off versus Nazem Kadri in neutral zone.
0:17 of 3rd period - Wrist shot by Nazem Kadri.
0:17 of 3rd period - Shot Misses the Net.
1:08 of 3rd period - Logan Shaw is hit by Dmitry Kulikov and loses puck.
1:40 of 3rd period - Snap shot by Sean Couturier.
1:40 of 3rd period - Shot Misses the Net.
1:52 of 3rd period - Wrist shot by Jake McCabe.
1:52 of 3rd period - Deflect By Ondrej Palat.
1:52 of 3rd period - Shot Hit the Post.
1:52 of 3rd period - Puck is out of play.
1:53 of 3rd period - Tom Wilson wins face-off versus Tomas Hertl in Devils zone.
2:00 of 3rd period - Devante Smith-Pelly is hit by Jonathan Huberdeau and loses puck.
2:13 of 3rd period - Snap shot by Brayden Point.
2:13 of 3rd period - Shot Misses the Net.
2:15 of 3rd period - Wrist shot by Jonathan Huberdeau.
2:15 of 3rd period - Shot Misses the Net.
2:43 of 3rd period - Wrist shot by Tomas Hertl.
2:43 of 3rd period - Shot Blocked by Cam Fowler.
2:45 of 3rd period - Slapshot by Cale Makar.
2:45 of 3rd period - Deflect By Devante Smith-Pelly.
2:45 of 3rd period - Shot Misses the Net.
2:45 of 3rd period - Puck is out of play.
2:46 of 3rd period - Sean Couturier wins face-off versus Nazem Kadri in Devils zone.
2:52 of 3rd period - Minor Penalty to Matt Donovan for Hooking.
2:53 of 3rd period - Sean Couturier wins face-off versus Nazem Kadri in Devils zone.
2:53 of 3rd period - Slapshot by Cale Makar.
2:53 of 3rd period - Stopped by Jonathan Quick with a rebound.
4:52 of 3rd period - Penalty to Matt Donovan is over, Matt Donovan is back on ice.
5:05 of 3rd period - Snap shot by Sam Bennett.
5:05 of 3rd period - Shot Blocked by Cale Makar.
5:51 of 3rd period - Brayden Point is hit by Oliver Bjorkstrand and loses puck.
5:58 of 3rd period - Vince Dunn is hit by Jonathan Huberdeau and loses puck.
6:11 of 3rd period - Snap shot by Milan Lucic.
6:11 of 3rd period - Stopped by Jonathan Quick without a rebound.
6:12 of 3rd period - Nazem Kadri wins face-off versus Sean Couturier in Devils zone.
6:31 of 3rd period - Mikhail Sergachev is hit by Nazem Kadri and loses puck.
6:50 of 3rd period - Slapshot by Dmitry Kulikov.
6:50 of 3rd period - Stopped by Jonathan Quick with a rebound.
6:52 of 3rd period - Snap shot by Ryan Strome.
6:52 of 3rd period - Shot Misses the Net.
6:54 of 3rd period - Wrist shot by Sean Couturier.
6:54 of 3rd period - Deflect By Ryan Strome.
6:54 of 3rd period - Shot Misses the Net.
6:54 of 3rd period - Puck is out of play.
6:55 of 3rd period - Brayden Point wins face-off versus Tomas Hertl in Devils zone.
7:02 of 3rd period - Wrist shot by Tom Wilson.
7:02 of 3rd period - Shot Misses the Net.
7:08 of 3rd period - Wrist shot by Jonathan Huberdeau.
7:08 of 3rd period - Deflect By Tom Wilson.
7:08 of 3rd period - Stopped by Samuel Montembeault with a rebound.
7:10 of 3rd period - Slapshot by Tom Wilson.
7:10 of 3rd period - Stopped by Samuel Montembeault without a rebound.
7:11 of 3rd period - Henrik Samuelsson wins face-off versus Sam Bennett in Rangers zone.
7:25 of 3rd period - Henrik Samuelsson is hit by Michael Del Zotto and loses puck.
7:32 of 3rd period - Minor Penalty to Viktor Arvidsson for Cross-checking.
7:33 of 3rd period - Sam Bennett wins face-off versus Milan Lucic in Rangers zone.
7:42 of 3rd period - Slapshot by Tyler Ennis.
7:42 of 3rd period - Shot Misses the Net.
7:46 of 3rd period - Snap shot by Nazem Kadri.
7:46 of 3rd period - Stopped by Samuel Montembeault without a rebound.
7:47 of 3rd period - Milan Lucic wins face-off versus Nazem Kadri in Rangers zone.
7:56 of 3rd period - Sean Couturier is hit by Tyler Ennis and loses puck.
8:01 of 3rd period - Slapshot by Nazem Kadri.
8:01 of 3rd period - Goal by Nazem Kadri - Devils : 1 - Rangers : 4.
8:02 of 3rd period - Nazem Kadri wins face-off versus Sean Couturier in neutral zone.
8:09 of 3rd period - Snap shot by Tyler Ennis.
8:09 of 3rd period - Deflect By Nazem Kadri.
8:09 of 3rd period - Shot Misses the Net.
8:09 of 3rd period - Puck is out of play.
8:10 of 3rd period - Nazem Kadri wins face-off versus Sean Couturier in Rangers zone.
8:29 of 3rd period - Tyler Ennis is hit by Sean Couturier.
8:46 of 3rd period - Off-side.
8:47 of 3rd period - Brayden Point wins face-off versus Tomas Hertl in neutral zone.
9:53 of 3rd period - Wrist shot by Milan Lucic.
9:53 of 3rd period - Shot Blocked by Damon Severson.
11:06 of 3rd period - Icing by Michael Del Zotto.
11:07 of 3rd period - Sean Couturier wins face-off versus Anton Lander in Devils zone.
12:01 of 3rd period - Henrik Samuelsson is hit by Tom Wilson and loses puck.
12:18 of 3rd period - Double Minor Penalty to Matt Donovan for Slashing.
12:19 of 3rd period - Nazem Kadri wins face-off versus Sean Couturier in Devils zone.
12:52 of 3rd period - Slapshot by Jake McCabe.
12:52 of 3rd period - Stopped by Jonathan Quick without a rebound.
12:53 of 3rd period - Tomas Hertl wins face-off versus Brayden Point in Devils zone.
13:10 of 3rd period - Wrist shot by Brayden Point.
13:10 of 3rd period - Shot Misses the Net.
13:24 of 3rd period - Nazem Kadri is hit by Milan Lucic and loses puck.
14:02 of 3rd period - Wrist shot by Sean Couturier.
14:02 of 3rd period - Stopped by Jonathan Quick with a rebound.
14:04 of 3rd period - Snap shot by Mikhail Sergachev.
14:04 of 3rd period - Goal by Mikhail Sergachev - Devils : 1 - Rangers : 5.
14:05 of 3rd period - Tomas Hertl wins face-off versus Nazem Kadri in neutral zone.
14:08 of 3rd period - Slapshot by Cale Makar.
14:08 of 3rd period - Shot Blocked by Michael Del Zotto.
14:10 of 3rd period - Wrist shot by Cale Makar.
14:10 of 3rd period - Shot Misses the Net.
14:12 of 3rd period - Slapshot by Ryan Strome.
14:12 of 3rd period - Stopped by Jonathan Quick without a rebound.
14:13 of 3rd period - Nazem Kadri wins face-off versus Tomas Hertl in Devils zone.
14:38 of 3rd period - Slapshot by Cale Makar.
14:38 of 3rd period - Shot Blocked by Tyler Ennis.
14:52 of 3rd period - Slapshot by Jake McCabe.
14:52 of 3rd period - Deflect By Tomas Hertl.
14:52 of 3rd period - Shot Misses the Net.
14:52 of 3rd period - Puck is out of play.
14:53 of 3rd period - Sean Couturier wins face-off versus Nazem Kadri in Devils zone.
14:58 of 3rd period - Snap shot by Milan Lucic.
14:58 of 3rd period - Stopped by Jonathan Quick with a rebound.
15:00 of 3rd period - Snap shot by Milan Lucic.
15:00 of 3rd period - Deflect By Sean Couturier.
15:00 of 3rd period - Goal by Sean Couturier - Devils : 1 - Rangers : 6.
15:01 of 3rd period - Sean Couturier wins face-off versus Nazem Kadri in neutral zone.
15:10 of 3rd period - Slapshot by Cale Makar.
15:10 of 3rd period - Stopped by Jonathan Quick without a rebound.
15:11 of 3rd period - Nazem Kadri wins face-off versus Sean Couturier in Devils zone.
15:15 of 3rd period - Minor Penalty to Milan Lucic for Interference.
15:16 of 3rd period - Nazem Kadri wins face-off versus Oliver Bjorkstrand in Rangers zone.
15:20 of 3rd period - Wrist shot by Tyler Ennis.
15:20 of 3rd period - Stopped by Samuel Montembeault with a rebound.
15:50 of 3rd period - Slapshot by Jonathan Huberdeau.
15:50 of 3rd period - Stopped by Samuel Montembeault without a rebound.
15:51 of 3rd period - Nazem Kadri wins face-off versus Oliver Bjorkstrand in Rangers zone.
16:04 of 3rd period - Snap shot by Tyler Ennis.
16:04 of 3rd period - Stopped by Samuel Montembeault with a rebound.
16:06 of 3rd period - Wrist shot by Sam Bennett.
16:06 of 3rd period - Stopped by Samuel Montembeault without a rebound.
16:07 of 3rd period - Nazem Kadri wins face-off versus Oliver Bjorkstrand in Rangers zone.
16:48 of 3rd period - Minor Penalty to Cale Makar for Interference.
16:49 of 3rd period - Henrik Samuelsson wins face-off versus Nazem Kadri in Rangers zone.
17:15 of 3rd period - Penalty to Milan Lucic is over, Milan Lucic is back on ice.
17:35 of 3rd period - Snap shot by Sam Bennett.
17:35 of 3rd period - Stopped by Samuel Montembeault without a rebound.
17:36 of 3rd period - Brayden Point wins face-off versus Milan Lucic in Rangers zone.
18:48 of 3rd period - Penalty to Cale Makar is over, Cale Makar is back on ice.
19:00 of 3rd period - Slapshot by Steven Santini.
19:00 of 3rd period - Shot Misses the Net.
19:14 of 3rd period - Snap shot by Matt Donovan.
19:14 of 3rd period - Stopped by Samuel Montembeault with a rebound.
19:24 of 3rd period - Anton Lander is hit by Viktor Arvidsson and loses puck.
19:45 of 3rd period - Vince Dunn is hit by Ondrej Kase and loses puck.
Goals for this period are 1 for Devils vs 2 for Rangers.
Shots for this period are 10 for Devils vs 10 for Rangers.